APL (24 & UNDER)
SAVANNAH HOGS @ SCOTTSDALE SCORPIONS
06/08/2026
 
TOP OF THE 1ST
Savannah Hogs batting - Pitching for Scottsdale Scorpions : RHP Lee Hecker
Pitching: RHP Lee Hecker
Batting: RHB Júlio Peña 0-0: Fly out, F3 (Popup, 13S)
Batting: LHB Jim Clemente 0-0: Called Strike
0-1: Ball
1-1: Ground out 5-3 (Groundball, 56)
Batting: LHB Ramón Morales 0-0: Called Strike
0-1: Swinging Strike
0-2: Foul Ball, location: 2F
0-2: Ball
1-2: Ball
2-2: Ball
3-2: Foul Ball, location: 2F
3-2: Base on Balls
Batting: RHB Javier Martínez 0-0: Ball
1-0: Ball
2-0: SINGLE (Groundball, 56D)
Ramón Morales to second
Runner from 2nd tries for 3rd, SAFE, throw made to third
Javier Martínez to second
Batting: RHB Remi Eruzione 0-0: Called Strike
0-1: Fly out, F9 (Flyball, 9M)
Top of the 1st over - 0 run(s), 1 hit(s), 0 error(s), 2 left on base; Savannah 0 - Scottsdale 0
BOTTOM OF THE 1ST
Scottsdale Scorpions batting - Pitching for Savannah Hogs : RHP Nelson Cruz
Pitching: RHP Nelson Cruz
Batting: RHB Doug Delaney 0-0: Ground out 4-3 (Groundball, 4M)
Batting: RHB Edgardo Gonzáles 0-0: Called Strike
0-1: SINGLE (Flyball, 7LM)
Batting: RHB Gary Thomas 0-0: Ball
1-0: Ball
2-0: Fly out, F8 (Flyball, 8RD)
Batting: RHB Geomar Dalsoglio 0-0: Foul Ball, location: 2F
0-1: Foul Ball, location: 2F
0-2: Ball
1-2: Foul Ball, location: 2F
1-2: Ball
2-2: Ball
3-2: Ground out 5-3 (Groundball, 56)
Bottom of the 1st over - 0 run(s), 1 hit(s), 0 error(s), 1 left on base; Savannah 0 - Scottsdale 0
TOP OF THE 2ND
Savannah Hogs batting - Pitching for Scottsdale Scorpions : RHP Lee Hecker
Batting: LHB Ivan Costello 0-0: Ground out 4-3 (Groundball, 4)
Batting: RHB Juan Jose Mendoza 0-0: SINGLE (Line Drive, 7S)
Batting: RHB Anastasio Movonda 0-0: Ball
1-0: Called Strike
1-1: Ball
2-1: Ball
3-1: SINGLE (Groundball, 56D)
Juan Jose Mendoza to second
Batting: RHB Ernesto Gómez 0-0: Called Strike
0-1: Foul Ball, location: 2F
0-2: Foul Ball, location: 2F
0-2: Ball
1-2: Foul Ball, location: 2F
1-2: DOUBLE (Flyball, 9LD)
Juan Jose Mendoza scores
Anastasio Movonda to third
Batting: RHB Júlio Peña 0-0: Ball
1-0: Called Strike
1-1: Ball
2-1: Ball
3-1: Base on Balls
Batting: LHB Jim Clemente 0-0: Ball
1-0: Called Strike
1-1: Fly out, F7 (Line Drive, 7M)
Runner from 3rd tags up, SCORES, no throw
Batting: LHB Ramón Morales 0-0: Called Strike
0-1: Ball
1-1: Called Strike
1-2: Foul Ball, location: 2F
1-2: Ground out 6-3 (Groundball, 6)
Top of the 2nd over - 2 run(s), 3 hit(s), 0 error(s), 2 left on base; Savannah 2 - Scottsdale 0
BOTTOM OF THE 2ND
Scottsdale Scorpions batting - Pitching for Savannah Hogs : RHP Nelson Cruz
Batting: LHB José Garza 0-0: Called Strike
0-1: Ball
1-1: Fly out, F7 (Flyball, 78S)
Batting: LHB Ernesto Hernández 0-0: Swinging Strike
0-1: Foul Ball, location: 2F
0-2: Strikes out swinging
Batting: RHB Felipe Domínguez 0-0: Ball
1-0: SINGLE (Groundball, 6MD)
Batting: RHB David Suarze 0-0: Ball
Felipe Domínguez steals 2nd base
1-0: Ball
2-0: Called Strike
2-1: Swinging Strike
2-2: SINGLE (Flyball, 9S)
Felipe Domínguez to third
Runner from 3rd tries for Home, SAFE, no throw or cutoff
Batting: RHB Cristián Román 0-0: Fly out, F9 (Flyball, 89XD)
Bottom of the 2nd over - 1 run(s), 2 hit(s), 0 error(s), 1 left on base; Savannah 2 - Scottsdale 1
TOP OF THE 3RD
Savannah Hogs batting - Pitching for Scottsdale Scorpions : RHP Lee Hecker
Batting: RHB Javier Martínez 0-0: Called Strike
0-1: Foul Ball, location: 2F
0-2: Ball
1-2: Ball
2-2: Foul Ball, location: 2F
2-2: Strikes out looking
Batting: RHB Remi Eruzione 0-0: Foul Ball, location: 2F
0-1: Foul Ball, location: 2F
0-2: Strikes out looking
Batting: LHB Ivan Costello 0-0: Ball
1-0: Foul Ball, location: 2F
1-1: Swinging Strike
1-2: Ball
2-2: Foul Ball, location: 2F
2-2: Ball
3-2: Foul Ball, location: 2F
3-2: Ground out 2-3 (Groundball, 2L)
Top of the 3rd over - 0 run(s), 0 hit(s), 0 error(s), 0 left on base; Savannah 2 - Scottsdale 1
BOTTOM OF THE 3RD
Scottsdale Scorpions batting - Pitching for Savannah Hogs : RHP Nelson Cruz
Batting: RHB Doug Delaney 0-0: Called Strike
0-1: Ball
1-1: Ball
2-1: Ground out U3 (Groundball, 3)
Batting: RHB Edgardo Gonzáles 0-0: Foul Ball, location: 2F
0-1: Ball
1-1: Swinging Strike
1-2: Strikes out swinging
Batting: RHB Gary Thomas 0-0: Ball
1-0: Ground out 5-3 (Groundball, 5S)
Bottom of the 3rd over - 0 run(s), 0 hit(s), 0 error(s), 0 left on base; Savannah 2 - Scottsdale 1
TOP OF THE 4TH
Savannah Hogs batting - Pitching for Scottsdale Scorpions : RHP Lee Hecker
Batting: RHB Juan Jose Mendoza 0-0: Foul Ball, location: 2F
0-1: Called Strike
0-2: Strikes out swinging
Batting: RHB Anastasio Movonda 0-0: Ground out 4-3 (Groundball, 34)
Batting: RHB Ernesto Gómez 0-0: Called Strike
0-1: SINGLE (Line Drive, 4D)
Batting: RHB Júlio Peña 0-0: Called Strike
0-1: Ball
1-1: Foul Ball, location: 2F
1-2: Strikes out swinging
Top of the 4th over - 0 run(s), 1 hit(s), 0 error(s), 1 left on base; Savannah 2 - Scottsdale 1
BOTTOM OF THE 4TH
Scottsdale Scorpions batting - Pitching for Savannah Hogs : RHP Nelson Cruz
Batting: RHB Geomar Dalsoglio 0-0: Called Strike
0-1: Ground out U3 (Groundball, 3)
Batting: LHB José Garza 0-0: Called Strike
0-1: Ball
1-1: Ball
2-1: Swinging Strike
2-2: Strikes out looking
Batting: LHB Ernesto Hernández 0-0: Ball
1-0: Ground out 4-3 (Groundball, 4M)
Bottom of the 4th over - 0 run(s), 0 hit(s), 0 error(s), 0 left on base; Savannah 2 - Scottsdale 1
TOP OF THE 5TH
Savannah Hogs batting - Pitching for Scottsdale Scorpions : RHP Lee Hecker
Batting: LHB Jim Clemente 0-0: Ball
1-0: Foul Ball, location: 2F
1-1: Ball
2-1: Called Strike
2-2: Ball
3-2: Strikes out swinging
Batting: LHB Ramón Morales 0-0: Called Strike
0-1: Ball
1-1: Ball
2-1: Swinging Strike
2-2: Ball
3-2: Foul Ball, location: 2F
3-2: Foul Ball, location: 2F
3-2: Base on Balls
Batting: RHB Javier Martínez 0-0: Ball
Ramón Morales is caught stealing 2nd base
1-0: Ball
2-0: Called Strike
2-1: Ball
3-1: Foul Ball, location: 2F
3-2: Base on Balls
Pitching: RHP Albert Sánchez
Batting: RHB Remi Eruzione 0-0: Ball
1-0: Swinging Strike
1-1: Fielders Choice at 2nd, 6-4 (Groundball, 6)
Top of the 5th over - 0 run(s), 0 hit(s), 0 error(s), 0 left on base; Savannah 2 - Scottsdale 1
BOTTOM OF THE 5TH
Scottsdale Scorpions batting - Pitching for Savannah Hogs : RHP Nelson Cruz
Batting: RHB Felipe Domínguez 0-0: Called Strike
0-1: Ball
1-1: Ball
2-1: Swinging Strike
2-2: Foul Ball, location: 2F
2-2: Strikes out swinging
Batting: RHB David Suarze 0-0: SINGLE (Line Drive, 7S)
Batting: RHB Cristián Román 0-0: Called Strike
David Suarze is caught stealing 2nd base
0-1: Ball
1-1: Ball
2-1: Called Strike
2-2: SINGLE (Groundball, 56D)
Batting: RHB Doug Delaney 0-0: Ball
1-0: Foul Ball, location: 2F
1-1: Ball
2-1: Fly out, F7 (Flyball, 7LM)
Bottom of the 5th over - 0 run(s), 2 hit(s), 0 error(s), 1 left on base; Savannah 2 - Scottsdale 1
TOP OF THE 6TH
Savannah Hogs batting - Pitching for Scottsdale Scorpions : RHP Albert Sánchez
Batting: LHB Ivan Costello 0-0: Ball
1-0: Ball
2-0: DOUBLE (Line Drive, 9D)
Batting: RHB Juan Jose Mendoza 0-0: Called Strike
0-1: Ball
1-1: Swinging Strike
1-2: Ball
2-2: Ball
3-2: Base on Balls
Batting: RHB Anastasio Movonda 0-0: Called Strike
0-1: SINGLE (Groundball, 6MD)
Ivan Costello to third
Juan Jose Mendoza to second
Batting: RHB Ernesto Gómez 0-0: Called Strike
0-1: Swinging Strike
0-2: Strikes out swinging
Batting: RHB Júlio Peña 0-0: Ball
1-0: Foul Ball, location: 2F
1-1: Foul Ball, location: 2F
1-2: Foul Ball, location: 2F
1-2: Strikes out swinging
Batting: LHB Jim Clemente 0-0: Fly out, F7 (Popup, 7LSF)
Top of the 6th over - 0 run(s), 2 hit(s), 0 error(s), 3 left on base; Savannah 2 - Scottsdale 1
BOTTOM OF THE 6TH
Scottsdale Scorpions batting - Pitching for Savannah Hogs : RHP Nelson Cruz
Batting: RHB Edgardo Gonzáles 0-0: Called Strike
0-1: Called Strike
0-2: SINGLE (Groundball, 56D)
Batting: RHB Gary Thomas 0-0: Ball
1-0: Fly out, F8 (Flyball, 78D)
Batting: RHB Geomar Dalsoglio 0-0: Foul Ball, location: 2F
0-1: Foul Ball, location: 2F
0-2: SINGLE (Groundball, 56)
Edgardo Gonzáles to second
Batting: LHB José Garza 0-0: Ball
1-0: Ball
2-0: Called Strike
2-1: Swinging Strike
2-2: Foul Ball, location: 2F
2-2: SINGLE (Line Drive, 6M)
Edgardo Gonzáles to third
Geomar Dalsoglio to second
Batting: LHB Ernesto Hernández 0-0: Ball
1-0: Ball
2-0: Ball
3-0: Base on Balls
Edgardo Gonzáles scores
Geomar Dalsoglio to third
José Garza to second
Batting: RHB Felipe Domínguez 0-0: Ball
1-0: Ball
2-0: Ball
3-0: Called Strike
3-1: Base on Balls
Geomar Dalsoglio scores
José Garza to third
Ernesto Hernández to second
Pitching: LHP Miguel Valentín
Batting: RHB David Suarze 0-0: Foul Ball, location: 2F
0-1: Ball
1-1: Fly out, F9 (Line Drive, 9D)
Runner from 3rd tags up, SCORES, no throw
Ernesto Hernández to third
Now in RF: Guillermo González
Batting: RHB Cristián Román 0-0: Called Strike
0-1: Foul Ball, location: 2F
0-2: Foul Ball, location: 2F
0-2: Ground out 3-1 (Groundball, 34)
Bottom of the 6th over - 3 run(s), 3 hit(s), 0 error(s), 2 left on base; Savannah 2 - Scottsdale 4
TOP OF THE 7TH
Savannah Hogs batting - Pitching for Scottsdale Scorpions : RHP Albert Sánchez
Batting: LHB Ramón Morales 0-0: Ball
1-0: Ground out 1-3 (Groundball, 15)
Batting: RHB Javier Martínez 0-0: Hit by Pitch
Batting: RHB Remi Eruzione 0-0: Ball
Javier Martínez is caught stealing 2nd base
1-0: Ball
2-0: Called Strike
2-1: Ball
3-1: Base on Balls
Batting: LHB Ivan Costello 0-0: Called Strike
Remi Eruzione steals 2nd base
0-1: Ball
1-1: Foul Ball, location: 2F
1-2: Foul Ball, location: 2F
1-2: DOUBLE (Flyball, 89XD)
Remi Eruzione scores
Batting: RHB Juan Jose Mendoza 0-0: Ground out 5-3 (Groundball, 56)
Top of the 7th over - 1 run(s), 1 hit(s), 0 error(s), 1 left on base; Savannah 3 - Scottsdale 4
BOTTOM OF THE 7TH
Scottsdale Scorpions batting - Pitching for Savannah Hogs : LHP Miguel Valentín
Pitching: RHP Ramón Martínez
Batting: RHB Doug Delaney 0-0: Called Strike
0-1: Ball
1-1: Ball
2-1: Ball
3-1: Base on Balls
Pinch Hitting: LHB Claudio Rodríguez 0-0: Called Strike
0-1: Called Strike
0-2: Ball
1-2: Ball
2-2: Ball
3-2: Foul Ball, location: 2F
3-2: Foul Ball, location: 2F
3-2: Ground out 1-3 (Groundball, 25)
Doug Delaney to second
Batting: RHB Gary Thomas 0-0: Intentional Walk
Pitching: RHP Jorge Durán
Pinch Hitting: SHB William Daly 0-0: Called Strike
0-1: Called Strike
0-2: Ball
1-2: SINGLE (Groundball, 56D)
Doug Delaney to third
Gary Thomas to second
Runner from 3rd tries for Home, SAFE, no throw or cutoff
Batting: LHB José Garza 0-0: Called Strike
0-1: Foul Ball, location: 2F
0-2: Foul Ball, location: 2F
0-2: Strikes out looking
Pinch Hitting: RHB Jeff Bane 0-0: Fielders Choice at 2nd, U6 (Groundball, 6M)
Bottom of the 7th over - 1 run(s), 1 hit(s), 0 error(s), 2 left on base; Savannah 3 - Scottsdale 5
TOP OF THE 8TH
Savannah Hogs batting - Pitching for Scottsdale Scorpions : RHP Albert Sánchez
Pitching: RHP Paul Clark
Now at SS: Steve Baird
Now in CF: Jeff Bane
Now in RF: William Daly
Batting: RHB Anastasio Movonda 0-0: Called Strike
0-1: Ground out 4-3 (Groundball, 4M)
Batting: RHB Ernesto Gómez 0-0: Ball
1-0: Ball
2-0: Called Strike
2-1: Foul Ball, location: 2F
2-2: Strikes out looking
Batting: RHB Júlio Peña 0-0: Called Strike
0-1: Foul Ball, location: 2F
0-2: Ball
1-2: Strikes out swinging
Top of the 8th over - 0 run(s), 0 hit(s), 0 error(s), 0 left on base; Savannah 3 - Scottsdale 5
BOTTOM OF THE 8TH
Scottsdale Scorpions batting - Pitching for Savannah Hogs : RHP Jorge Durán
Batting: RHB Felipe Domínguez 0-0: Called Strike
0-1: Called Strike
0-2: Ball
1-2: Foul Ball, location: 2F
1-2: Foul Ball, location: 2F
1-2: Ball
2-2: Foul Ball, location: 2F
2-2: Foul Ball, location: 2F
2-2: Ball
3-2: Fly out, F9 (Flyball, 89M)
Batting: RHB David Suarze 0-0: Ball
1-0: Ball
2-0: Called Strike
2-1: Called Strike
2-2: Ball
3-2: Strikes out swinging
Batting: RHB Cristián Román 0-0: Called Strike
0-1: Foul Ball, location: 2F
0-2: Strikes out swinging
Bottom of the 8th over - 0 run(s), 0 hit(s), 0 error(s), 0 left on base; Savannah 3 - Scottsdale 5
TOP OF THE 9TH
Savannah Hogs batting - Pitching for Scottsdale Scorpions : RHP Paul Clark
Pitching: RHP Jesús Ramírez
Batting: RHB Guillermo González 0-0: Called Strike
0-1: Swinging Strike
0-2: Foul Ball, location: 2F
0-2: Strikes out looking
Batting: LHB Ramón Morales 0-0: Called Strike
0-1: Foul Ball, location: 2F
0-2: Foul Ball, location: 2F
0-2: Ball
1-2: SINGLE (Groundball, 15) (infield hit)
Pinch Hitting: LHB Juan Delgado 0-0: Called Strike
0-1: Foul Ball, location: 2F
0-2: Strikes out swinging
Pinch Hitting: RHB Sergio Moreno 0-0: Ball
1-0: Ball
2-0: Ball
3-0: Base on Balls
Ramón Morales to second
Batting: LHB Ivan Costello 0-0: Swinging Strike
0-1: Ground out 5-3 (Groundball, 56S)
Top of the 9th over - 0 run(s), 1 hit(s), 0 error(s), 2 left on base; Savannah 3 - Scottsdale 5
Monday, December 5th, 2016 - OOTP Baseball 17.12 Build 75